 Dungeon Crawl Stone Soup version 0.21-a0-624-g16f8e2cdda (webtiles) character file.

36267 RKaid the Gouger (level 13, 0/65 HPs)
             Began as a Felid Transmuter on Dec 20, 2017.
             Was the Champion of Wu Jian.
             Slain by a sixfirhy (11 damage)
             ... summoned by an orc sorcerer
             ... on level 2 of the Orcish Mines on Dec 24, 2017.
             The game lasted 03:04:55 (48821 turns).

RKaid the Gouger (Felid Transmuter)                Turns: 48821, Time: 03:04:55

Health: 0/65       AC:  3    Str:  9    XL:     13   Next: 52%
Magic:  21/25      EV: 26    Int: 18    God:    Wu Jian [******]
Gold:   2078       SH:  0    Dex: 18    Spells: 7/27 levels left
                                        Lives:  0   Deaths: 4

rFire    . . .     SeeInvis +     - Unarmed
rCold    + . .     Gourm    .   (shield unavailable)
rNeg     . . .     Faith    .   (armour unavailable)
rPois    .         Spirit   .   (helmet unavailable)
rElec    .         Reflect  .   (cloak unavailable)
rCorr    .         Harm     .   (gloves unavailable)
MR       ++...                  (boots unavailable)
Stlth    ++++......             (no amulet)
HPRegen  0.20/turn              x - ring of protection from magic {MR+}
MPRegen  0.19/turn              u - +3 ring of strength

@: blade paws, quick
A: very small, no armour, no weapons or thrown items, stealth, claws 1, fangs 3,
see invisible, carnivore, speed 1, shaggy fur 3, slow metabolism 1
a: End Transformation, Serpent's Lash, Heavenly Storm, Renounce Religion


You were on level 2 of the Orcish Mines.
You worshipped Wu Jian.
Wu Jian was exalted by your worship.
You were completely stuffed.
You had blades for front paws.
You visited 3 branches of the dungeon, and saw 20 of its levels.
You also visited: Ossuary.

You collected 2078 gold pieces.

Inventory:

Missiles
 a - 267 arrows
Jewellery
 e - an uncursed ring of resist corrosion
   (You found it on level 1 of the Dungeon)
 u - a +3 ring of strength (right scythe-like blade)
   (You took it off a crimson imp on level 9 of the Dungeon)
 w - an uncursed ring of flight {+Fly}
   (You found it on level 8 of the Dungeon)
 x - a ring of protection from magic (left scythe-like blade) {MR+}
   (You took it off an orc on level 9 of the Dungeon)
 B - an uncursed ring of wizardry {Wiz+}
   (You found it on level 1 of the Lair of Beasts)
Wands
 q - a wand of polymorph (12)
   (You took it off Natasha on level 4 of the Dungeon)
 y - a wand of flame (48)
   (You found it on level 10 of the Dungeon)
 C - a wand of clouds (10)
   (You found it on level 3 of the Dungeon)
 D - a wand of digging (17)
   (You found it on level 7 of the Dungeon)
 H - a wand of iceblast (11)
   (You found it on level 2 of the Lair of Beasts)
Scrolls
 g - 2 scrolls of amnesia
 i - 8 scrolls of identify
 l - a scroll of blinking {!r}
 m - 6 scrolls of fog
 o - 14 scrolls of remove curse
 t - 11 scrolls of teleportation
 E - 2 scrolls of magic mapping {!r}
Potions
 c - 4 potions of curing
 f - 2 potions of mutation {!q!q}
 h - 6 potions of heal wounds
 j - 3 potions of lignification {!q}
 k - 4 potions of resistance
 p - 2 potions of magic
 r - 4 potions of flight
 s - a potion of brilliance
 z - a potion of haste
 A - 2 potions of agility
 F - a potion of invisibility
Books
 b - a book of Necromancy
   (You found it on level 6 of the Lair of Beasts)
Miscellaneous
 n - 2 phantom mirrors
 v - a lamp of fire
   (You found it on level 9 of the Dungeon)
 G - a lightning rod (4/4)
   (You found it on level 6 of the Lair of Beasts)
Comestibles
 d - 36 rations
 I - 2 chunks of flesh


   Skills:
 + Level 12.9 Fighting
 - Level 10.0 Dodging
 - Level 10.0 Stealth
 + Level 13.3 Unarmed Combat
 - Level 7.5 Spellcasting
 - Level 3.0 Charms
 - Level 2.0 Necromancy
 + Level 11.6 Transmutations
 - Level 5.0 Earth Magic
 - Level 5.0 Evocations


You had 7 spell levels left.
You knew the following spells:

 Your Spells              Type           Power        Failure   Level  Hunger
a - Blade Hands           Tmut           #####.....   22%         5    #####..
b - Sticks to Snakes      Tmut           #####...     8%          2    None
c - Spider Form           Tmut/Pois      ####......   24%         3    #......
d - Petrify               Tmut/Erth      #####...     26%         4    ###....
A - Animate Skeleton      Necr           N/A          32%         1    None
B - Passwall              Tmut/Erth      #####.....   12%         2    None
C - Regeneration          Chrm/Necr      ###.......   47%         3    #......


Dungeon Overview and Level Annotations

Branches:
Dungeon (12/15)            Temple (0/1) D:6            Lair (6/6) D:10
 Shoals (0/4) Lair:2        Snake (0/4) Lair:2        Slime (0/5) Lair:6
    Orc (2/2) D:11            Elf (0/3) Orc:2

Altars:
Ashenzari
Dithmenos
Elyvilon
Gozag
Hepliaklqana
Kikubaaqudgha
Sif Muna
Trog
Vehumet
Wu Jian
Xom
Yredelemnul
Zin
The Shining One

Shops:
D:6 ?   D:8 [   D:10 (   Orc:2 ?%

Annotations:
D:3 2 transporters
D:4 Narsil's ghost, novice OpTm
D:12 SnubMonkey's ghost, journeyman TrBe
Lair:3 exclusions: 2 hydras and 4 more exclusions
Lair:4 exclusion: 4 oklob plants


Innate Abilities, Weirdness & Mutations

You cannot wear armour.
You are incapable of wielding weapons or throwing items.
Your paws allow you to move quietly. (Stealth)
You have sharp claws.
You have razor-sharp teeth.
You have supernaturally acute eyesight. (SInv)
You are carnivorous and can eat meat at any time.
You cover ground quickly.
Your thick and shaggy fur keeps you warm. (AC +3, rC+)
You have a slow metabolism.
((Your sharp claws are effective at attacking unaware monsters.))


Message History

Confirm with . or Enter, or press ? or * to list all spells.
Your front paws turn into razor-sharp scythe blades.
The orc warrior shouts!
The orc warrior completely misses you.
You lunge at the orc warrior.
The orc warrior shouts!
You slice the orc warrior!!
The orc warrior hits you with a glaive!!
You slice the orc warrior!!
You kill the orc warrior!
The Council accepts your kill.
You start resting.
You lunge at the orc warrior.
You slice the orc warrior!! Your slash misses the orc warrior.
The orc warrior misses you.
You slice the orc warrior!!
You kill the orc warrior!
The Council accepts your kill.
Things that are here:
a battleaxe; a chain mail
Things that are here:
a glaive; a chain mail; an orc corpse
Casting: Blade Hands
Confirm with . or Enter, or press ? or * to list all spells.
You attempt to give life to the dead...
Before your eyes, flesh is ripped from the corpse!
The dead are walking!
I - 4 chunks of flesh You swap places.
Things that are here:
a battleaxe; a chain mail You start resting.
Eating one of 4 chunks of flesh.
You eat one of the 4 chunks of flesh.
This raw flesh tastes great.
Your transformation is almost over.
You start resting.
Your front paws revert to their normal proportions.
You start resting.
Casting: Animate Skeleton
Confirm with . or Enter, or press ? or * to list all spells.
Aiming: Petrify
Press: ? - help, Shift-Dir - straight line, f - orc knight
Aim: an orc knight, wielding a war axe and wearing a chain mail (chance to defeat MR: 46%)
The orc knight resists with some effort.
Casting: Petrify
Confirm with . or Enter, or press ? or * to list all spells.
Aiming: Petrify
Press: ? - help, Shift-Dir - straight line, f/p - orc knight
Aim: an orc knight, wielding a war axe and wearing a chain mail (chance to defeat MR: 46%)
The orc knight is moving more slowly.
Casting: Petrify
Confirm with . or Enter, or press ? or * to list all spells.
Your front paws turn into razor-sharp scythe blades.
You lunge at the orc knight.
You slice the orc knight!! The orc knight completely misses you.
Your orc warrior skeleton hits the orc knight but does no damage.
The orc knight stops moving altogether!
Your orc warrior skeleton hits the orc knight but does no damage.
You pounce on the unaware helpless orc knight!
You slash the orc knight!
You spin and attack the orc knight.
You pounce on the unaware helpless orc knight!
You slice the orc knight!! You slash the orc knight!
Your orc warrior skeleton hits the orc knight but does no damage.
The helpless orc knight fails to defend itself.
You slice the orc knight!!
You kill the orc knight!
The Council accepts your kill.
Things that are here:
a war axe; a chain mail You start resting.
Eating one of 3 chunks of flesh.
You eat one of the 3 chunks of flesh.
This raw flesh tastes great.
Your transformation is almost over.
You start resting.
Your orc warrior skeleton crumbles into dust!
Your front paws revert to their normal proportions.
You start resting. 2 orc sorcerers come into view.
An orc sorcerer is wielding a dagger of flaming.
Casting: Blade Hands
Confirm with . or Enter, or press ? or * to list all spells.
Your front paws turn into razor-sharp scythe blades.
The orc sorcerer casts a spell.
You lunge at the orc sorcerer.
An orc sorcerer comes into view. It is wielding a dagger.
The orc sorcerer shouts!
You shred the orc sorcerer!!!
You kill the orc sorcerer!
The Council accepts your kill.
Your life force feels restored.
You hear a shout!
The sixfirhy barely misses you. The sixfirhy completely misses you.
The sixfirhy hits you! The sixfirhy shocks you!
The orc sorcerer mumbles some strange words.
The sixfirhy hits you. The sixfirhy shocks you! The sixfirhy hits you!
The sixfirhy shocks you!
* * * LOW HITPOINT WARNING * * *
The sixfirhy hits you.
* * * LOW HITPOINT WARNING * * *
The sixfirhy shocks you!
You die...

##...## ##.#..............
##.....## ###.......##.#...
##.#...#.## #........#.....
##.[[......## ##..............
##..[#.#.#...###...............
##SS)##.).##...###..............
##.6)##..#..##.).###.....#.......
#...##..###..##3..###............
.#.##..# #..##@#.###...........
S)##4o# #o.##)..###..........
.#6##. .##.#.###..)........
#.))## ##...###............
##...## ##...###.[[..........
###...## ##...###..##[.........
)###...## ##...###..###..........
.[###...###...###..###..)........
#))##....#....##..###............


You could see a sixfirhy.

Vanquished Creatures
  An orc warlord (D:11)
  A hydra (Lair:5)
  2 catoblepae
  A two-headed ogre (D:12)
  A queen ant (D:11)
  An orc high priest (Orc:2)
  An infernal demonspawn (Orc:2)
  A sixfirhy (Orc:2)
  2 unseen horrors (D:12)
  5 orc knights
  An ugly thing (D:11)
  An oklob plant (Lair:6)
  6 orc sorcerers
  12 elephants
  A manticore (D:12)
  2 orange demons (Orc:2)
  5 spiny frogs
  3 black mambas
  4 komodo dragons
  A rime drake (Lair:6)
  2 polar bears (Lair:6)
  2 hellwings (Orc:2)
  2 hornets (Lair:6)
  3 trolls
  9 blink frogs
  10 hippogriffs
  A dream sheep (Lair:6)
  8 spriggans
  A water elemental (D:11)
  A wraith (D:12)
  A wyvern (D:10)
  44 yaks
  A steam dragon (D:7)
  3 hungry ghosts
  3 wargs
  18 soldier ants (D:11)
  11 porcupines
  17 water moccasins
  A floating eye (D:9)
  A sky beast (D:9)
  6 black bears
  4 ice beasts
  32 orc warriors
  11 ogres
  2 necrophages
  4 boggarts (Lair:6)
  20 wolves
  11 centaurs
  9 crocodiles
  3 big kobolds
  13 bullfrogs
  A water moccasin zombie (D:11)
  4 scorpions
  9 killer bees (D:8)
  7 wights
  7 electric eels
  7 crimson imps
  3 bullfrog zombies
  3 hounds
  2 centaur zombies
  8 jellies
  25 orc priests
  3 bullfrog skeletons
  3 centaur skeletons
  23 orc wizards
  Jessica (D:2)
  An iguana (D:9)
  Terence (D:3)
  Natasha (thrice) (D:4)
  25 worker ants
  2 hound zombies
  10 mummies (Ossuary)
  A howler monkey zombie (Ossuary)
  A hound skeleton (D:5)
  4 worker ant zombies
  Robin (D:4)
  A howler monkey skeleton (D:9)
  8 adders
  3 gnolls (D:9)
  2 shadow imps
  An ooze (Lair:5)
  2 adder skeletons
  2 adder zombies
  6 worms
  2 dart slugs (D:1)
  6 leopard geckos
  82 orcs
  5 giant cockroaches
  8 goblins
  10 hobgoblins
  8 jackals
  2 quokkas
  2 ball pythons
  5 bats
  3 frilled lizards
  A jackal skeleton (D:5)
  2 jackal zombies (Ossuary)
  21 kobolds
  2 leopard gecko skeletons (D:4)
  2 leopard gecko zombies (Ossuary)
  2 quokka zombies (Ossuary)
  7 rats
  A plant (D:10)
657 creatures vanquished.

Vanquished Creatures (collateral kills)
  2 two-headed ogres
  A wizard (D:11)
  4 elephants
  2 black mambas
  4 spiny frogs
  2 trolls
  3 hornets (Lair:6)
  2 blink frogs (Lair:6)
  2 polar bears
  2 hippogriffs
  7 spriggans
  3 yaks
  A basilisk (Lair:6)
  A soldier ant (D:11)
  6 water moccasins
  2 ice beasts
  2 ogres
  2 wolves (Lair:6)
  2 centaurs
  A crocodile (Lair:2)
  2 bullfrogs
  A killer bee (D:7)
  A howler monkey (D:5)
  A bullfrog zombie (Ossuary)
  An orc priest (D:7)
  A worker ant (D:11)
  A hound zombie (Ossuary)
  A gnoll (D:9)
  2 adders
  An adder zombie (Ossuary)
  7 orcs
  2 giant cockroaches (D:5)
  3 goblins (D:4)
  A hobgoblin (D:4)
  A jackal (D:3)
  A kobold (D:9)
  2 ball pythons (Lair:2)
80 creatures vanquished.

Vanquished Creatures (others)
  An orc wizard (D:5)
  2 orcs
  3 butterflies (Lair:6)
  5 fungi
  27 plants
  5 withered plants (Ossuary)
43 creatures vanquished.

Grand Total: 780 creatures vanquished

Notes
Turn   | Place    | Note
-------+----------+-------------------------------------------
     0 | D:1      | RKaid the Felid Transmuter began the quest for the Orb.
     0 | D:1      | Reached XP level 1. HP: 9/9 MP: 4/4
    66 | D:1      | HP: 1/9 [hobgoblin (5)]
   149 | D:1      | HP: 2/9 [kobold (1)]
   492 | D:1      | Reached XP level 2. HP: 7/12 MP: 4/6
   760 | D:1      | Reached skill level 1 in Stealth
  1688 | D:2      | Noticed an ogre
  1768 | D:2      | Learned a level 2 spell: Sticks to Snakes
  1771 | D:2      | Found a radiant altar of Vehumet.
  1784 | D:2      | Found an ancient bone altar of Kikubaaqudgha.
  1785 | D:2      | Found a deep blue altar of Sif Muna.
  1789 | D:2      | Reached XP level 3. HP: 15/15 MP: 7/7
  1795 | D:2      | Identified Kikubaaqudgha's Collected Works on Darkness
  1864 | D:2      | Learned a level 3 spell: Spider Form
  1881 | D:2      | Killed an ogre
  1881 | D:2      | Reached skill level 3 in Transmutations
  1881 | D:2      | Reached XP level 4. HP: 19/19 MP: 6/8
  1934 | D:2      | Found a bloodstained altar of Trog.
  2261 | D:2      | Noticed Jessica
  2463 | D:2      | Killed Jessica
  2463 | D:2      | Reached skill level 2 in Stealth
  2793 | D:3      | Noticed Terence
  2837 | D:3      | HP: 4/19 [orc/flail (8)]
  3379 | D:3      | Learned a level 1 spell: Animate Skeleton
  3415 | D:3      | Found a transporter.
  3691 | D:3      | Reached skill level 4 in Unarmed Combat
  3722 | D:3      | Found a white marble altar of Elyvilon.
  3762 | D:3      | Reached skill level 2 in Fighting
  3771 | D:3      | Found a transporter.
  4150 | D:3      | Killed Terence
  4150 | D:3      | Reached XP level 5. HP: 22/22 MP: 9/9
  4518 | D:4      | Noticed Narsil's ghost (novice OpTm)
  4614 | D:4      | Noticed Natasha
  4653 | D:4      | Killed Natasha
  4669 | D:4      | Noticed Natasha
  4669 | D:4      | cat party
  4680 | D:4      | Killed Natasha
  5180 | D:4      | Reached skill level 3 in Dodging
  5223 | D:4      | HP: 2/22 [orc wizard/magic dart (8)]
  5828 | D:4      | Reached skill level 4 in Transmutations
  5828 | D:4      | Reached skill level 3 in Stealth
  5828 | D:4      | Gained mutation: You are covered in thick fur. (AC +2) [Felid growth]
  5828 | D:4      | Reached XP level 6. HP: 16/26 MP: 4/11
  5856 | D:4      | HP: 5/26 [orc wizard/magic dart (6)]
  5857 | D:4      | HP: 2/26 [orc wizard/puff of flame (3)]
  6044 | D:4      | Noticed Natasha
  6058 | D:4      | Killed Natasha
  6226 | D:4      | Found a shadowy altar of Dithmenos.
  6312 | D:4      | Noticed Robin
  6549 | D:4      | Killed Robin
  7057 | D:5      | Entered Level 5 of the Dungeon
  7091 | D:5      | Found a glowing silver altar of Zin.
  7094 | D:5      | Found an ornate altar of the Wu Jian Council.
  7098 | D:5      | Became a worshipper of the Wu Jian Council
  7156 | D:5      | Found a sand-covered staircase.
  7167 | Ossuary  | Entered an ossuary
  7182 | Ossuary  | Reached skill level 3 in Spellcasting
  7235 | Ossuary  | HP: 4/26 [mummy (16)]
  7253 | Ossuary  | HP: 4/26 [hound zombie (2)]
  7484 | Ossuary  | Reached skill level 5 in Unarmed Combat
  7492 | Ossuary  | HP: 5/26 [bullfrog zombie (6)]
  7759 | Ossuary  | Reached XP level 7. HP: 26/30 MP: 12/12
  8129 | Ossuary  | Reached skill level 4 in Dodging
  8229 | Ossuary  | Reached skill level 4 in Stealth
  8229 | Ossuary  | Reached skill level 5 in Transmutations
  8783 | D:5      | Reached * piety under Wu Jian
  8885 | D:5      | Learned a level 5 spell: Blade Hands
  9004 | D:5      | Found a glowing golden altar of the Shining One.
  9238 | D:5      | Reached XP level 8. HP: 25/33 MP: 9/14
  9843 | D:5      | Found a basalt altar of Yredelemnul.
  9848 | D:5      | Noticed a profane servitor
  9855 | D:5      | Found a glowing golden altar of the Shining One.
  9857 | D:5      | Noticed an angel
  9922 | D:5      | Found an opulent altar of Gozag.
  9933 | D:5      | Found a shattered altar of Ashenzari.
  9997 | D:6      | Found a staircase to the Ecumenical Temple.
 10025 | D:6      | HP: 7/33 [centaur/arrow (8)]
 10517 | D:6      | Reached skill level 6 in Unarmed Combat
 10517 | D:6      | Reached skill level 6 in Transmutations
 10613 | D:6      | Reached skill level 5 in Stealth
 10875 | D:6      | Reached skill level 5 in Dodging
 10875 | D:6      | Reached skill level 4 in Spellcasting
 11245 | D:6      | Found Zool's Magic Scroll Shop.
 12416 | D:7      | Reached ** piety under Wu Jian
 13202 | D:7      | Upgraded the game from 0.21-a0-583-g2c32b0fbb7 to 0.21-a0-591-g2314aa112c
 13925 | D:7      | RKaid: ??steam ball
 13925 | D:7      | beem: steam ball[1/1]: deals direct damage and creates clouds of {steam}
 13925 | D:7      | RKaid: @??steam dragon
 13925 | D:7      | beem: steam dragon (D)
                  | Spd:
    10 | HD: 4    | HP: 23-35
                  | AC/EV: 5/10
                  | Dam: 12, 6
                  | fly
                  | Res: magic(20), steam
                  | XP: 184
                  | Sp: steam ball (3d10) [!AM, !sil, breath]
                  | Sz: Big
                  | Int: animal.
 13956 | D:7      | Noticed a troll
 14249 | D:7      | Killed a troll
 14249 | D:7      | Reached skill level 7 in Transmutations
 14699 | D:7      | Reached skill level 7 in Unarmed Combat
 14982 | D:7      | Reached XP level 9. HP: 26/36 MP: 10/16
 15197 | D:7      | Reached skill level 6 in Stealth
 15248 | D:8      | Found Epauputz's Armour Shoppe.
 15564 | D:8      | Reached skill level 6 in Dodging
 16100 | D:7      | HP: 9/36 [poisoned by a killer bee]
 16105 | D:7      | HP: 7/36 [poisoned by a killer bee]
 16112 | D:7      | HP: 6/36 [poisoned by a killer bee]
 16120 | D:7      | HP: 5/36 [poisoned by a killer bee]
 17256 | D:7      | Slain by a wyvern
 17257 | D:7      | Reached XP level 8. HP: -5/33 MP: 12/16
 17614 | D:8      | Shot with an arrow by a centaur
 17615 | D:8      | Reached XP level 7. HP: -1/30 MP: 15/15
 17665 | D:8      | Noticed a spriggan baker
 17669 | D:8      | HP: 6/30 [spriggan baker/dagger (13)]
 17684 | D:8      | Killed a spriggan baker
 17684 | D:8      | Reached skill level 5 in Spellcasting
 18048 | D:8      | Noticed a two-headed ogre
 18112 | D:8      | Reached skill level 7 in Stealth
 18148 | D:8      | Killed a two-headed ogre
 18148 | D:8      | Reached skill level 3 in Fighting
 18148 | D:8      | Reached skill level 8 in Transmutations
 18148 | D:8      | Reached XP level 8. HP: 35/35 MP: 9/16
 18478 | D:8      | Found a hazy altar of Hepliaklqana.
 18658 | D:8      | Reached skill level 4 in Fighting
 18660 | D:8      | Reached skill level 8 in Unarmed Combat
 19656 | D:9      | Noticed a troll
 19666 | D:9      | HP: 4/36 [troll (11)]
 20209 | D:9      | Reached XP level 9. HP: 36/39 MP: 11/17
 20235 | D:9      | Reached skill level 7 in Dodging
 20251 | D:9      | Reached skill level 5 in Fighting
 21426 | D:9      | HP: 9/40 [troll (15)]
 21455 | D:9      | Killed a troll
 21582 | D:8      | HP: 13/61 [killer bee (6)]
 21592 | D:8      | HP: 14/61 [killer bee (6)]
 21595 | D:8      | Reached *** piety under Wu Jian
 21867 | D:8      | Found Epauputz's Armour Shoppe.
 21877 | D:8      | Found a hazy altar of Hepliaklqana.
 22815 | D:9      | Reached skill level 6 in Fighting
 22868 | D:9      | Reached skill level 9 in Transmutations
 22937 | D:10     | Entered Level 10 of the Dungeon
 22969 | D:10     | Found a staircase to the Lair.
 23108 | D:10     | Reached skill level 8 in Dodging
 23108 | D:10     | Reached XP level 10. HP: 46/46 MP: 14/18
 23943 | D:10     | Found Boithoi's Antique Weapon Shoppe.
 24079 | D:10     | Reached skill level 7 in Fighting
 24111 | D:10     | Reached skill level 9 in Unarmed Combat
 24444 | Lair:1   | Entered Level 1 of the Lair of Beasts
 24485 | Lair:1   | Noticed a spiny frog
 24519 | Lair:1   | Killed a spiny frog
 24801 | Lair:1   | Noticed a spiny frog
 25022 | Lair:1   | You fall through a shaft!
 25314 | Lair:1   | Killed a spiny frog
 25598 | Lair:2   | Found a staircase to the Shoals.
 25896 | Lair:2   | Noticed a black mamba
 26196 | Lair:1   | Reached skill level 9 in Dodging
 26226 | Lair:1   | Reached **** piety under Wu Jian
 26552 | Lair:1   | Reached skill level 8 in Fighting
 26692 | Lair:2   | Reached XP level 11. HP: 51/51 MP: 8/19
 26963 | Lair:2   | Reached skill level 10 in Transmutations
 26971 | Lair:2   | Found a staircase to the Snake Pit.
 27026 | Lair:2   | Found a shimmering altar of Xom.
 27957 | Lair:3   | Noticed a seven-headed hydra
 27987 | Lair:3   | Noticed a five-headed hydra
 28179 | Lair:3   | Reached skill level 9 in Fighting
 28373 | Lair:3   | Reached skill level 10 in Dodging
 28630 | Lair:3   | Reached skill level 1 in Evocations
 28709 | Lair:3   | Reached skill level 10 in Unarmed Combat
 28711 | Lair:3   | HP: 8/53 [elephant (18)]
 28721 | Lair:3   | Reached skill level 2 in Evocations
 29550 | Lair:4   | Noticed a catoblepas
 29568 | Lair:4   | RKaid: ??blade hands
 29568 | Lair:4   | beem: blade hands[1/2]: A potent level 5 transmutation that grants a massive increase to unarmed damage but reduces spell success, melds gloves, weapons and shields. Also prevents wand usage while active. Base damage is 22 + UC. Does not stack with claws.
 29568 | Lair:4   | RKaid: ??lunge
 29568 | Lair:4   | beem: wu jian[2/8]: Lunge: Triggered by moving towards an enemy. Deals extra damage against slowed or distracted enemies.
 29572 | Lair:4   | HP: 9/53 [catoblepas (17)]
 29574 | Lair:4   | Slain by a catoblepas
 29575 | Lair:4   | Reached XP level 10. HP: 0/49 MP: 16/18
 29600 | Lair:4   | Reached skill level 8 in Stealth
 29610 | Lair:4   | Noticed a spiny frog
 29629 | Lair:4   | Killed a spiny frog
 29629 | Lair:4   | Reached skill level 1 in Necromancy
 29695 | Lair:4   | Noticed an elephant
 29695 | Lair:4   | Noticed an elephant
 29696 | Lair:4   | Noticed a spiny frog
 29711 | Lair:4   | Killed a spiny frog
 29718 | Lair:4   | Killed an elephant
 29915 | Lair:4   | Noticed an elephant
 29920 | Lair:4   | Reached skill level 2 in Necromancy
 29936 | Lair:4   | Noticed an elephant
 29939 | Lair:4   | Noticed an elephant
 29950 | Lair:4   | Noticed an elephant
 29954 | Lair:4   | Killed an elephant
 29954 | Lair:4   | Reached skill level 3 in Evocations
 29954 | Lair:4   | Reached XP level 11. HP: 39/54 MP: 13/19
 30190 | Lair:4   | Noticed an oklob plant
 30190 | Lair:4   | Noticed an oklob plant
 30190 | Lair:4   | Noticed an oklob plant
 30190 | Lair:4   | Noticed an oklob plant
 30656 | Lair:4   | Reached skill level 9 in Stealth
 30752 | Lair:4   | Reached skill level 4 in Evocations
 31066 | Lair:4   | Reached skill level 10 in Fighting
 31083 | Lair:4   | Killed a catoblepas
 31834 | Lair:4   | Reached skill level 5 in Evocations
 32064 | Lair:5   | Identified a scroll of acquirement
 32069 | Lair:5   | Learned a level 2 spell: Passwall
 32074 | Lair:5   | Learned a level 4 spell: Petrify
 32101 | Lair:5   | Reached skill level 10 in Stealth
 32118 | Lair:5   | Reached skill level 1 in Earth Magic
 32257 | Lair:5   | Reached skill level 11 in Unarmed Combat
 32879 | Lair:5   | Reached skill level 2 in Earth Magic
 33094 | Lair:5   | Gained mutation: Your thick and shaggy fur keeps you warm. (AC +3, rC+) [Felid growth]
 33094 | Lair:5   | Reached XP level 12. HP: 58/58 MP: 15/21
 33358 | Lair:6   | Entered Level 6 of the Lair of Beasts
 33528 | Lair:6   | Noticed a catoblepas
 33642 | Lair:5   | Reached skill level 3 in Earth Magic
 34385 | Lair:6   | HP: 14/59 [poisoned by a water moccasin]
 34390 | Lair:6   | HP: 10/59 [poisoned by a water moccasin]
 34396 | Lair:6   | HP: 7/59 [poisoned by a water moccasin]
 34403 | Lair:6   | HP: 5/59 [poisoned by a water moccasin]
 34410 | Lair:6   | HP: 5/59 [poisoned by a water moccasin]
 34418 | Lair:6   | HP: 4/59 [poisoned by a water moccasin]
 34760 | Lair:6   | Reached skill level 6 in Spellcasting
 34763 | Lair:6   | Noticed a four-headed hydra
 34852 | Lair:5   | Reached skill level 4 in Earth Magic
 34901 | Lair:5   | Killed a seven-headed hydra
 34901 | Lair:5   | Reached ***** piety under Wu Jian
 35053 | Lair:6   | Found a staircase to the Slime Pits.
 35292 | Lair:6   | Killed a catoblepas
 35296 | Lair:6   | HP: 5/59 [komodo dragon (29)]
 35309 | Lair:5   | Reached skill level 11 in Fighting
 35616 | Lair:5   | HP: 14/60 [spriggan/dagger (13)]
 35869 | Lair:6   | Reached skill level 5 in Earth Magic
 35938 | Lair:6   | Noticed a death yak
 35938 | Lair:6   | Noticed a death yak
 35938 | Lair:6   | Noticed a death yak
 35938 | Lair:6   | Noticed a death yak
 35938 | Lair:6   | Noticed a death yak
 36490 | Lair:6   | Reached XP level 13. HP: 63/63 MP: 18/24
 36889 | Lair:6   | Reached skill level 7 in Spellcasting
 37018 | Lair:6   | Reached skill level 12 in Unarmed Combat
 37481 | Lair:6   | Learned a level 3 spell: Regeneration
 37976 | D:11     | Reached skill level 1 in Charms
 39400 | D:11     | Reached skill level 2 in Charms
 39417 | D:11     | HP: 16/64 [poisoned by a queen ant]
 39422 | D:11     | HP: 13/64 [poisoned by a queen ant]
 39427 | D:10     | HP: 10/64 [poisoned by a queen ant]
 39433 | D:10     | HP: 8/64 [poisoned by a queen ant]
 39439 | D:10     | HP: 8/64 [poisoned by a queen ant]
 39447 | D:10     | HP: 7/64 [poisoned by a queen ant]
 39770 | D:11     | HP: 16/64 [poisoned by a soldier ant]
 39776 | D:11     | HP: 14/64 [poisoned by a soldier ant]
 39782 | D:11     | HP: 14/64 [poisoned by a soldier ant]
 39790 | D:11     | HP: 13/64 [poisoned by a soldier ant]
 40606 | D:11     | Reached skill level 3 in Charms
 40662 | D:11     | Reached ****** piety under Wu Jian
 40680 | D:11     | Found a staircase to the Orcish Mines.
 41514 | D:11     | Reached skill level 12 in Fighting
 42319 | D:12     | HP: 16/64 [14-headed hydra (12)]
 42367 | D:12     | Slain by a two-headed ogre
 42368 | D:12     | Reached XP level 12. HP: -5/61 MP: 14/24
 42391 | D:12     | Noticed a two-headed ogre
 42483 | Orc:1    | Entered Level 1 of the Orcish Mines
 42625 | D:12     | Found an opulent altar of Gozag.
 42946 | D:12     | Killed a two-headed ogre
 43293 | D:12     | Noticed SnubMonkey's ghost (journeyman TrBe)
 43414 | D:12     | Killed a two-headed ogre
 44001 | Orc:1    | Found a radiant altar of Vehumet.
 44017 | Orc:1    | Noticed an orc warlord
 44168 | D:11     | Killed an orc warlord
 44538 | Orc:1    | Reached XP level 13. HP: 65/65 MP: 19/25
 44700 | Orc:1    | HP: 16/65 [orc warrior/trident (26)]
 45398 | Orc:2    | Entered Level 2 of the Orcish Mines
 45856 | Orc:2    | Reached skill level 11 in Transmutations
 45921 | Orc:1    | Upgraded the game from 0.21-a0-591-g2314aa112c to 0.21-a0-616-g6d9b277d69
 45921 | Orc:1    | Upgraded the game from 0.21-a0-616-g6d9b277d69 to 0.21-a0-624-g16f8e2cdda
 46330 | Orc:2    | Found a staircase to the Elven Halls.
 46650 | Orc:2    | Found Suuwett's Magic Scroll Shop.
 47321 | Orc:2    | Found Cale's Food Boutique.
 47361 | Orc:2    | Reached skill level 13 in Unarmed Combat
 48238 | Orc:2    | HP: 15/65 [orc warrior/war axe (17)]
 48821 | Orc:2    | HP: 14/65 [sixfirhy[an orc sorcerer] (11)]
 48821 | Orc:2    | Slain by a sixfirhy

Vault maps used:
D:1:      dpeg_arrival_fog, minmay_tetromino_t4
D:2:      grunt_temple_overflow_magic_moments, trog_book, uniq_jessica
D:3:      gammafunk_wand_slinger, elyvilon_altar_1, first_ration, uniq_terence
D:4:      grunt_dithmenos_smoke_and_mirrors, uniq_robin, uniq_natasha
D:5:      grunt_temple_overflow_holy_war, grunt_temple_overflow_cloverleaf,
          basic_altar, nicolae_ossuary_entry_ruins
D:6:      minmay_temple_entry_statues_pillars, serial_shops,
          nicolae_shop_temple_entry_statues_fountains, roderic_lattice_a
D:8:      lemuel_crystal_altar, serial_shops, shop, roderic_filled_cross,
          minmay_crystal_water, the_bakery
D:9:      onia_ninara_cookie
D:10:     dpeg_oklobed_lair, serial_shops, shop, serial_co_window_serial,
          co_window_corner_a, co_window_of_opportunity_a,
          co_window_of_opportunity_a, co_window_corner_a, co_window_paths_a,
          co_window_unsneaky_path_a, co_window_broadway_a, co_window_2corner,
          co_window_paths_e, co_window_4corner_a, glass_columns_a
D:11:     erik_orc_3, serial_bayou, serial_bayou_lake_a, serial_bayou_pond_d,
          serial_bayou_pond_a, serial_bayou_pond_e, serial_bayou_lagoon_b,
          serial_bayou_pond_b, minivault_29
D:12:     nicolae_gozag_seed_capital
Lair:2:   minmay_shoals_entry_centaurs, minmay_snake_entry_six_corridors,
          basic_altar, serial_bayou, serial_bayou_shore_a, serial_bayou_shore_b,
          serial_bayou_lagoon_a, serial_bayou_crossing, serial_bayou_pond_d,
          lemuel_fruit_tree, infiniplex_staircase_pool
Lair:3:   minmay_holes, grunt_forest_stairs_basic
Lair:4:   minmay_lair_oklob_chamber
Lair:5:   minivault_25
Lair:6:   minmay_lair_end_enchanted_forest, nicolae_slime_entry_slimehenge,
          lemuel_fruit_fields, lemuel_fruit_fields, lemuel_fruit_fields
Orc:1:    basic_altar
Orc:2:    pf_orc_diabolical
Ossuary:  ossuary_zaba_flooded

Skill      XL: |  1  2  3  4  5  6  7  8  9 10 11 12 13 |
---------------+----------------------------------------+-----
Stealth        | 1 2 3 7 5 6 8 10 | 10.0
Transmutations | 3 4 8 7 9 10 11 | 11.6
Unarmed Combat | 4 5 8 9 11 13 | 13.3
Fighting       | 2 3 4 6 8 10 11 12 | 12.9
Dodging        | 3 4 5 8 9 10 | 10.0
Spellcasting   | 3 5 4 6 7 |  7.5
Evocations     | 3 5 |  5.0
Necromancy     | 2 |  2.0
Earth Magic    | 2 5 |  5.0
Charms         | 3 |  3.0

Action                   |  1- 3 |  4- 6 |  7- 9 | 10-12 | 13-15 || total
-------------------------+-------+-------+-------+-------+-------++-------
Melee: Unarmed           |    77 |   250 |   649 |   641 |   522 ||  2139
       Bite              |     5 |    17 |    50 |    71 |    42 ||   185
       Headbutt          |     5 |    38 |    79 |     3 |       ||   125
       Punch             |       |     1 |    11 |    31 |    22 ||    65
 Cast: Beastly Appendage |    19 |    46 |    78 |     8 |       ||   151
       Sticks to Snakes  |     1 |    24 |    48 |    42 |    28 ||   143
       Animate Skeleton  |       |    16 |    36 |   102 |    72 ||   226
       Spider Form       |       |     5 |     7 |       |       ||    12
       Blade Hands       |       |       |    11 |    97 |    71 ||   179
       Petrify           |       |       |       |    17 |    34 ||    51
Invok: Lunge             |       |     8 |   138 |   135 |    94 ||   375
       Whirlwind         |       |       |    75 |    92 |    38 ||   205
       Wall jump         |       |       |    14 |    35 |    15 ||    64
       Serpent's Lash    |       |       |       |     2 |       ||     2
 Abil: End Transformatio |       |       |       |       |     1 ||     1
Evoke: Wand              |       |     1 |     2 |     3 |    15 ||    21
  Use: Potion            |       |     5 |     7 |     1 |       ||    13
       Scroll            |       |     9 |     7 |     9 |       ||    25
 Stab: Sleeping          |     1 |     4 |    14 |    14 |     1 ||    34
       Distracted        |       |     1 |     3 |     3 |     6 ||    13
       Petrified         |       |       |       |     9 |    42 ||    51
       Petrifying        |       |       |       |     1 |       ||     1
  Eat: Chunk             |    10 |    12 |    53 |    78 |    45 ||   198
       Ration            |       |       |     1 |       |       ||     1
Armor: Skin              |     3 |    13 |   129 |    22 |    13 ||   180
Dodge: Dodged            |    65 |   199 |   464 |   532 |   323 ||  1583

Table legend:
 A = Spawn XP
 B = Non-spawn XP
 C = Spawn XP percentage of total XP
 D = Spawn monster count
 E = Non-spawn monster count
 F = Spawn count percentage of total count
 G = Total turns spent on level
                    A         B        C        D         E        F      G
               +---------+---------+-------+---------+---------+-------+---------
         Total |       0 |   85870 |   0.0 |       0 |     737 |   0.0 | 48821
               +---------+---------+-------+---------+---------+-------+---------
           D:1 |       0 |      37 |   0.0 |       0 |      20 |   0.0 |  1709
           D:2 |       0 |     113 |   0.0 |       0 |      12 |   0.0 |  1021
           D:3 |       0 |      71 |   0.0 |       0 |      19 |   0.0 |  2493
           D:4 |       0 |     296 |   0.0 |       0 |      31 |   0.0 |  1834
           D:5 |       0 |     616 |   0.0 |       0 |      24 |   0.0 |  1876
           D:6 |       0 |     392 |   0.0 |       0 |      12 |   0.0 |  1547
           D:7 |       0 |    1343 |   0.0 |       0 |      38 |   0.0 |  5032
           D:8 |       0 |    2148 |   0.0 |       0 |      25 |   0.0 |  4171
           D:9 |       0 |    2458 |   0.0 |       0 |      41 |   0.0 |  1841
          D:10 |       0 |    2127 |   0.0 |       0 |      31 |   0.0 |  3149
          D:11 |       0 |   12760 |   0.0 |       0 |     121 |   0.0 |  4221
          D:12 |       0 |    4915 |   0.0 |       0 |      19 |   0.0 |  1392
        Lair:1 |       0 |    2982 |   0.0 |       0 |      16 |   0.0 |  1707
        Lair:2 |       0 |    3218 |   0.0 |       0 |      31 |   0.0 |  1797
        Lair:3 |       0 |    4198 |   0.0 |       0 |      13 |   0.0 |  1603
        Lair:4 |       0 |   10332 |   0.0 |       0 |      38 |   0.0 |  2380
        Lair:5 |       0 |    7826 |   0.0 |       0 |      37 |   0.0 |  3274
        Lair:6 |       0 |   15051 |   0.0 |       0 |      79 |   0.0 |  2190
         Orc:1 |       0 |    2508 |   0.0 |       0 |      28 |   0.0 |  1629
         Orc:2 |       0 |   12057 |   0.0 |       0 |      75 |   0.0 |  2472
       Ossuary |       0 |     422 |   0.0 |       0 |      27 |   0.0 |  1483
               +---------+---------+-------+---------+---------+-------+---------

Table legend:
 A = Turns spent in this place as a percentage of turns spent in the entire game.
 B = Non-inter-level travel turns spent in this place as a percentage of non-inter-level travel turns spent in the entire game.
 C = Inter-level travel turns spent in this place as a percentage of turns spent in this place.
 D = Turns resting spent in this place as a percentage of non-inter-level travel turns spent in this place.
 E = Turns spent auto-exploring this place as a percentage of non-inter-level travel turns spent in this place.
 F = Non-inter-level travel turns spent in this place divided by the number of levels of this place that you've seen.
                   A       B       C       D       E      F
               +-------+-------+-------+-------+-------+----------------------
         Total | 100.0 | 100.0 |   4.4 |  46.6 |  27.9 | 2223.3
       Dungeon |  62.0 |  61.4 |   5.3 |  46.1 |  30.1 | 2390.1
          Lair |  26.5 |  26.7 |   3.6 |  46.5 |  27.9 | 2081.2
  Orcish Mines |   8.4 |   8.6 |   1.5 |  45.2 |  19.8 | 2019.0
       Ossuary |   3.0 |   3.2 |   0.0 |  62.0 |   8.2 | 1483.0
               +-------+-------+-------+-------+-------+----------------------

Table legend:
 A = Kills in this place as a percentage of kills in entire the game.
 B = Kills by you in this place as a percentage of kills by you in the entire game.
 C = Kills by friends in this place as a percentage of kills by friends in the entire game.
 D = Other kills in this place as a percentage of other kills in the entire game.
 E = Experience gained in this place as a percentage of experience gained in the entire game.
 F = Experience gained in this place divided by the number of levels of this place that you have seen.
                   A       B       C       D       E      F
               +-------+-------+-------+-------+-------+----------------------
         Total | 100.0 | 100.0 | 100.0 | 100.0 | 100.0 | 4089.0
       Dungeon |  53.3 |  54.7 |  41.2 | 100.0 |  31.8 | 2273.0
          Lair |  29.0 |  26.2 |  52.5 |   0.0 |  50.8 | 7267.8
  Orcish Mines |  14.0 |  15.4 |   2.5 |   0.0 |  17.0 | 7282.5
       Ossuary |   3.7 |   3.7 |   3.8 |   0.0 |   0.5 | 422.0
               +-------+-------+-------+-------+-------+----------------------
